AoeStats
← sky_wu

Black Forest

510251459Analyzed
3v3 RM · 2d ago on Sep 30, 2026· 42m 23s· 6 players
Game mode
Random Map
Map size
Normal (6 player)
Population
200
Speed
Normal
Resources
Standard
Victory
Conquest
Starting age
Dark Age
Ending age
Imperial Age
RankedLock teamsTeams togetherTeam positionsShared explorationLock speedFull tech treeHidden civsTurbo modeCheats
Victory
Defeat
🇲🇽 Varangians · Mexico
1355
+8
🇨🇳 Bohemians · China
1341
+9
🇨🇳 Teutons · China
1311
+10
🇦🇷 Britons · Argentina
1240
-11
🇹🇼 Khmer · Taiwan
1139
-8
🇨🇳 Lithuanians · China
1135
-8
Habacucc
3:57 Loom
10:47 Feudal Age
11:45 Double-Bit Axe
12:37 Wheelbarrow
11:44 Horse Collar
17:24 Castle Age
17:27 Gold Mining
18:37 Bow Saw
19:07 Fervor
24:57 Stone Mining
27:19 Hand Cart
27:06 Fletching
28:43 Bodkin Arrow
29:36 Heavy Plow
32:38 Imperial Age
30:23 Scale Mail Armor
30:58 Forging
31:28 Padded Archer Armor
31:44 Chain Mail Armor
32:34 Iron Casting
31:20 Pikeman
32:00 Squires
31:46 Arson
32:38 Leather Archer Armor
32:30 Scale Barding Armor
32:09 Vendel Legacy
32:15 Elite Skirmisher
32:44 Gothikon
33:45 Conscription
34:31 Crop Rotation
35:07 Two-Man Saw
33:31 Halberdier
34:30 Elite Varangian Guard
36:14 Plate Mail Armor
36:05 Bracer
36:06 Gambesons
37:24 Blast Furnace
37:17 Ring Archer Armor
37:30 Caravan
38:36 Ballistics
38:31 Guilds
39:24 Chemistry
41:52 Chain Barding Armor
42:24 Siege Engineers
祈求好运
6:39 Loom
9:05 Feudal Age
10:53 Fletching
22:11 Double-Bit Axe
23:30 Horse Collar
27:51 Castle Age
27:35 Gold Mining
27:37 Stone Mining
28:53 Bow Saw
31:23 Heavy Plow
32:57 Wheelbarrow
35:16 Hand Cart
39:39 Imperial Age
37:23 Forging
37:50 Scale Mail Armor
38:50 Iron Casting
39:00 Chain Mail Armor
38:24 Pikeman
39:05 Squires
38:51 Gambesons
39:47 Arson
40:57 Stone Shaft Mining
39:57 Halberdier
41:38 Blast Furnace
41:01 Conscription
41:50 Plate Mail Armor
HelloAOE
0:47 Loom
12:44 Feudal Age
13:38 Double-Bit Axe
16:36 Castle Age
14:38 Horse Collar
20:45 Bow Saw
22:50 Heavy Plow
24:58 Wheelbarrow
25:34 Fervor
26:16 Hand Cart
30:22 Imperial Age
27:56 Town Watch
28:17 Fletching
29:35 Chemistry
29:15 Ballistics
29:24 Sanctity
29:07 Bodkin Arrow
29:52 Masonry
31:22 Siege Engineers
31:32 Masonry
31:18 Houfnice
32:16 Block Printing
32:14 Redemption
33:49 Architecture
33:29 Scale Mail Armor
33:40 Forging
35:07 Elite Hussite Wagon
36:07 Conscription
36:15 Bracer
36:31 Chain Mail Armor
38:18 Hussite Reforms
39:25 Illumination
38:46 Pikeman
39:27 Squires
39:58 Plate Mail Armor
40:03 Iron Casting
39:34 Scale Barding Armor
42:30 Wagenburg Tactics
Aldeano sin Telar
10:10 Feudal Age
12:56 Double-Bit Axe
14:02 Double-Bit Axe
16:57 Castle Age
15:01 Horse Collar
16:03 Gold Mining
16:03 Stone Mining
21:05 Loom
22:11 Town Watch
23:25 Loom
25:40 Wheelbarrow
26:51 Gold Shaft Mining
26:42 Town Patrol
26:59 Fletching
27:56 Hand Cart
28:03 Bodkin Arrow
32:07 Imperial Age
31:20 Ballistics
31:11 Masonry
30:41 Treadmill Crane
31:09 Crossbowman
31:50 Padded Archer Armor
32:12 Bow Saw
32:07 Heavy Plow
34:03 Chemistry
33:34 Architecture
34:15 Two-Man Saw
33:27 Bracer
34:00 Siege Engineers
33:45 Arbalester
39:13 Leather Archer Armor
39:37 Yeomen
39:38 Conscription
40:42 Forging
40:37 Scale Barding Armor
41:03 Ring Archer Armor
40:08 Light Cavalry
40:48 Husbandry
sky_wu
1:29 Loom
13:02 Feudal Age
13:24 Man-at-Arms
18:20 Arson
24:44 Double-Bit Axe
24:39 Horse Collar
29:01 Castle Age
27:38 Gold Mining
27:39 Stone Mining
32:31 Imperial Age
31:39 Bow Saw
31:31 Heavy Plow
33:12 Stone Shaft Mining
35:03 Crop Rotation
35:45 Conscription
36:26 Wheelbarrow
37:57 Hand Cart
41:14 Elite Battle Elephant
41:57 Husbandry
42:07 Bloodlines
Coldplay
10:46 Feudal Age
10:57 Feudal Age
16:09 Castle Age
15:06 Horse Collar
15:13 Double-Bit Axe
15:22 Gold Mining
15:48 Bloodlines
25:27 Bow Saw
26:44 Wheelbarrow
27:21 Heavy Plow
33:52 Imperial Age
31:32 Scale Barding Armor
31:42 Forging
31:33 Stone Mining
33:07 Chain Barding Armor
32:30 Treadmill Crane
33:13 Hand Cart
33:38 Stone Shaft Mining
33:24 Husbandry
34:02 Iron Casting
35:19 Plate Barding Armor
35:39 Crop Rotation
36:52 Conscription
36:46 Elite Leitis
40:03 Two-Man Saw
39:15 Fletching
40:37 Chemistry
39:25 Loom
39:26 Town Watch
41:51 Padded Archer Armor
Connection lost

Rejoining the realm…

Still unreachable

The connection could not be restored.

Session expired

The server has moved on; the page needs a fresh start.